 Dungeon Crawl Stone Soup version 0.27.1-33-g824d729ab1 (webtiles) character file.

Game seed: 15362375966063719595

5492 pkoi the Grappler (level 10, -19/83 HPs)
             Began as a Green Draconian Monk on Dec 6, 2021.
             Was a Priest of Dithmenos.
             Demolished by a manticore (21 damage)
             ... on level 9 of the Dungeon.
             The game lasted 00:17:40 (12158 turns).

pkoi the Grappler (Green Draconian Monk)           Turns: 12158, Time: 00:17:41

Health: -19/83     AC: 10    Str: 14    XL:     10   Next: 42%
Magic:  10/13      EV: 14    Int: 14    God:    Dithmenos [***...]
Gold:   280        SH:  0    Dex: 13    Spells: 2/13 levels left

rFire    . . .     SeeInvis .     - Unarmed
rCold    . . .     Faith    .   (no shield)
rNeg     . . .     Spirit   .   (armour unavailable)
rPois    +         Reflect  .   (helmet restricted)
rElec    .         Harm     .   y - +0 cloak
rCorr    .         Rampage  .   b - +1 pair of gloves
Will     .....                  (no boots)
Stlth    +++.......             e - amulet of the acrobat
HPRegen  0.23/turn              (no ring)
MPRegen  0.13/turn              (no ring)

@: about to teleport, short of breath, attractive, very slightly contaminated,
wreathed by umbra
A: breathe noxious fumes, AC +7, unfitting armour, poison resistance,
cold-blooded
a: Breathe Noxious Fumes, Renounce Religion, Shadow Step


You were on level 9 of the Dungeon.
You worshipped Dithmenos.
Dithmenos was most pleased with you.
You visited 2 branches of the dungeon, and saw 10 of its levels.

You collected 478 gold pieces.
You spent 198 gold pieces at shops.

Inventory:

Hand Weapons
 h - a +2 dagger of flaming
 i - a +2 whip of electrocution
 s - a +5 short sword
 x - a +0 dagger of venom
 z - a +1 dagger of speed
Missiles
 m - 10 boomerangs (quivered)
 t - 17 poisoned darts
Armour
 b - a +1 pair of gloves (worn)
 y - a +0 cloak (worn)
Jewellery
 e - an amulet of the acrobat (around neck)
 l - a ring of protection from cold
 n - an amulet of faith
Wands
 g - a wand of iceblast (7)
 p - a wand of flame (39)
 w - a wand of acid (9)
Scrolls
 j - 2 scrolls of enchant weapon
 k - 2 scrolls of amnesia
 q - 2 scrolls of teleportation
 r - 2 scrolls of identify
Potions
 a - 5 potions of curing
 c - a potion of berserk rage
 d - a potion of attraction
 f - a potion of magic
 o - a potion of invisibility
 u - 2 potions of cancellation {unknown}
 v - a potion of flight {unknown}


   Skills:
 + Level 6.1 Fighting
 + Level 2.7 Short Blades
 + Level 6.0 Dodging
 - Level 3.0 Stealth
 * Level 10.3 Unarmed Combat
 + Level 2.1 Spellcasting
 + Level 6.6 Hexes
 + Level 0.5 Translocations
 + Level 0.8 Ice Magic
 - Level 3.1 Invocations


You had 2 spell levels left.
You knew the following spells:

 Your Spells              Type           Power      Damage    Failure   Level
a - Confusing Touch       Hex            20%        N/A       4%          3
b - Slow                  Hex            20%        N/A       2%          2
c - Apportation           Tloc           6%         N/A       19%         1
d - Tukima's Dance        Hex            20%        N/A       4%          3
e - Ensorcelled Hibernat  Hex/Ice        24%        N/A       8%          2

Your spell library contained the following spells:

 Spells                   Type           Power      Damage    Failure   Level
 Corona                   Hex            22%        N/A       1%          1
 Animate Skeleton         Necr           2%         N/A       24%         1
 Summon Small Mammal      Summ           4%         N/A       24%         1
 Portal Projectile        Hex/Tloc       22%        N/A       16%         3
 Leda's Liquefaction      Hex/Erth       5%         N/A       52%         4
 Call Canine Familiar     Summ           1%         N/A       56%         3
 Vampiric Draining        Necr           0%         2d6       56%         3


Dungeon Overview and Level Annotations

Branches:
Dungeon (9/15)             Temple (1/1) D:5
   Lair: D:8-11         Orc: D:9-12

Altars:
Ashenzari
Cheibriados
Dithmenos
Elyvilon
Fedhas
Gozag
Hepliaklqana
Kikubaaqudgha
Makhleb
Nemelex Xobeh
Okawaru
Qazlal
Trog
Uskayaw
Vehumet
Wu Jian
Xom
Yredelemnul
Zin
The Shining One

Shops:
D:1 :=*(

Annotations:
D:3 3 runed translucent doors, Crazy Yiuf


Innate Abilities, Weirdness & Mutations

You can breathe blasts of noxious fumes.
Your lurid green scales are hard. (AC +7)
You cannot fit into any form of body armour.
Your system is resistant to poisons. (rPois)
You are cold-blooded and may be slowed by cold attacks.


Message History

The electric eel shoots out a bolt of lightning at you!
The bolt of electricity misses you.
You punch the manticore!
The manticore is lightly wounded.
The manticore bites you!!
* * * LOW HITPOINT WARNING * * *
The manticore closely misses you. The manticore misses you.
You punch the manticore!
The manticore is moderately wounded.
The manticore closely misses you. The manticore claws you.
* * * LOW HITPOINT WARNING * * *
The manticore closely misses you.
Casting: Slow (safe; 2% risk of failure)
Confirm with . or Enter, or press ? or * to list all spells.
You miscast Confusing Touch.
You are very lightly contaminated with residual magic.
Nothing appears to happen.
The manticore bites you!!
* * * LOW HITPOINT WARNING * * *
The manticore completely misses you. x2
Press: ? - help, Shift-Dir - straight line, f - manticore
Aim: a manticore (moderately wounded, umbra)
You exhale a blast of noxious fumes.
The blast of choking fumes hits the manticore.
The manticore is moderately wounded.
The manticore is engulfed in noxious fumes.
The manticore appears confused.
The manticore bites you!
* * * LOW HITPOINT WARNING * * *
The manticore claws you.
* * * LOW HITPOINT WARNING * * *
The manticore misses you.
Unknown command.
It was a potion of attraction.
You feel attractive to monsters.
The manticore is engulfed in noxious fumes.
The manticore is pulled toward you!
As you read the scroll of teleportation, it crumbles to dust.
You feel strangely unstable.
The manticore is engulfed in noxious fumes.
The manticore appears confused.
The manticore bites you!!
You die...

....≈≈≈. ........ .#
....≈≈≈. ..## ....≈#
#≈≈$...#####...# ....≈#
#≈≈....#........ ....≈#
#≈≈......#.#.#.## ....≈#
#≈≈....#......... ....≈##
#≈≈....#.#.#.#.#.#.
....≈≈≈≈≈≈≈....#@.........
....≈≈≈≈≈≈≈....#H#.#.#.#.#
....≈≈≈≈≈≈≈.....○.†....#.#
....≈≈≈≈≈≈;.....°?†......#
....≈≈≈≈≈≈.....#○.####..#
....≈;≈≈≈;......☼.......#
....≈≈≈≈≈≈......☼.#.#.#.##
####≈≈;
≈######..........##.. # ≈≈
#...#.#.#......


You could see a manticore (confused).

Vanquished Creatures
  Pikel (D:5)
  Maurice (D:8)
  Maggie (D:8)
  A shadow (D:9)
  A wraith (D:5)
  4 yaks
  Menkaure (D:5)
  4 water moccasins
  4 orc warriors
  4 sky beasts
  2 black bears
  3 centaurs
  3 phantoms
  2 bullfrogs
  8 killer bees (D:8)
  2 water moccasin skeletons
  3 wights (D:7)
  3 howler monkeys
  A centaur zombie (D:8)
  A bullfrog zombie (D:9)
  A jelly (D:4)
  4 orc priests
  2 hounds
  A bullfrog skeleton (D:5)
  A scorpion zombie (D:5)
  Ijyb (D:3)
  Natasha (twice) (D:2)
  7 iguanas
  5 orc wizards
  2 killer bee zombies
  2 hound skeletons (D:4)
  5 gnolls
  A howler monkey skeleton (D:4)
  7 adders
  2 ufetubi
  An adder skeleton (D:4)
  3 worms
  18 orcs
  7 ball pythons
  4 endoplasms
  A giant cockroach (D:3)
  6 goblins
  6 hobgoblins
  2 jackals (D:1)
  7 kobolds
  4 quokkas
  3 bats
  2 frilled lizards
  2 rats
159 creatures vanquished.

Vanquished Creatures (others)
  A killer bee (D:8)
1 creature vanquished.

Grand Total: 160 creatures vanquished

Notes
Turn   | Place    | Note
-------+----------+-------------------------------------------
     0 | D:1      | pkoi the Draconian Monk began the quest for the Orb.
     0 | D:1      | Reached XP level 1. HP: 19/19 MP: 1/1
    77 | D:1      | Found Niodwe Boi's General Store.
   231 | D:1      | Reached XP level 2. HP: 24/26 MP: 2/2
   446 | D:1      | Found Dimi's Jewellery Shoppe.
   522 | D:1      | Found a faded altar of an unknown god.
   522 | D:1      | Noticed a shining eye
   532 | D:1      | Noticed an eye of devastation
   537 | D:1      | Noticed a great orb of eyes
   563 | D:1      | Noticed a floating eye
   662 | D:1      | Found Owestruf's Book Shoppe.
   714 | D:1      | Reached skill level 4 in Unarmed Combat
   714 | D:1      | Reached XP level 3. HP: 29/31 MP: 3/3
   939 | D:1      | Found Qusito's Antique Weapon Shoppe.
  1432 | D:2      | Reached XP level 4. HP: 32/38 MP: 4/4
  1517 | D:2      | Reached skill level 5 in Unarmed Combat
  1521 | D:2      | Learned a level 3 spell: Confusing Touch
  1606 | D:2      | Noticed Natasha
  1640 | D:2      | Killed Natasha
  2279 | D:2      | Noticed Natasha
  2286 | D:2      | Killed Natasha
  2287 | D:2      | Reached skill level 1 in Spellcasting
  2287 | D:2      | Reached skill level 1 in Hexes
  2309 | D:3      | Reached XP level 5. HP: 45/45 MP: 6/6
  2327 | D:3      | Found a burning altar of Makhleb.
  2331 | D:3      | Noticed Ijyb
  2465 | D:3      | Killed Ijyb
  2623 | D:3      | Found a runed translucent door.
  2624 | D:3      | Noticed Crazy Yiuf
  2900 | D:3      | Found a large runed translucent door.
  2901 | D:3      | Found a large runed translucent door.
  4046 | D:4      | Reached XP level 6. HP: 50/51 MP: 9/9
  4215 | D:4      | Reached skill level 6 in Unarmed Combat
  4557 | D:4      | Your scales start taking on a lurid green colour.
  4557 | D:4      | Reached XP level 7. HP: 50/57 MP: 7/10
  4557 | D:4      | Gained mutation: Your system is resistant to poisons.
                  | (rPois) [Green Draconian growth]
  4571 | D:4      | Learned a level 2 spell: Slow
  4890 | D:5      | Entered Level 5 of the Dungeon
  4900 | D:5      | Found a staircase to the Ecumenical Temple.
  4913 | D:5      | Reached skill level 7 in Unarmed Combat
  4915 | Temple   | Entered the Ecumenical Temple
  5155 | Temple   | Became a worshipper of Dithmenos the Shadowed
  5155 | Temple   | Reached * piety under Dithmenos
  5155 | Temple   | Reached ** piety under Dithmenos
  5488 | D:5      | Noticed a wraith
  5752 | D:5      | Noticed Menkaure
  5775 | D:5      | Reached skill level 1 in Invocations
  6100 | D:5      | Killed a wraith
  6283 | D:5      | Noticed Pikel
  6307 | D:5      | Killed Pikel
  6308 | D:5      | Reached skill level 8 in Unarmed Combat
  6308 | D:5      | Reached XP level 8. HP: 66/66 MP: 8/11
  6404 | D:5      | Killed Menkaure
  6817 | D:6      | Found a shimmering altar of Xom.
  7418 | D:6      | Reached skill level 5 in Hexes
  7418 | D:6      | Reached XP level 9. HP: 62/72 MP: 12/12
  7556 | D:6      | Reached skill level 9 in Unarmed Combat
  8135 | D:7      | Found a stormy altar of Qazlal.
  8306 | D:7      | Reached skill level 5 in Dodging
  8652 | D:7      | Found an ornate altar of the Wu Jian Council.
  9060 | D:7      | Reached skill level 1 in Short Blades
  9118 | D:7      | Reached skill level 5 in Fighting
  9306 | D:8      | Reached *** piety under Dithmenos
  9548 | D:8      | Found a radiant altar of Vehumet.
  9565 | D:8      | Noticed Maggie
  9568 | D:8      | Noticed Maurice
  9741 | D:8      | Reached XP level 10. HP: 79/81 MP: 13/13
 10347 | D:8      | Killed Maggie
 10348 | D:8      | Reached skill level 10 in Unarmed Combat
 10716 | D:8      | Killed Maurice
 11510 | D:9      | Found a bloodstained altar of Trog.
 11546 | D:9      | Learned a level 1 spell: Apportation
 11730 | D:1      | Bought a book of Maledictions for 198 gold pieces
 11734 | D:1      | Learned a level 3 spell: Tukima's Dance
 11737 | D:1      | Learned a level 2 spell: Ensorcelled Hibernation
 12144 | D:9      | Noticed a manticore
 12156 | D:9      | HP: 3/83 [manticore (17)]
 12158 | D:9      | Demolished by a manticore

Illustrated notes

Levels and vault maps discovered:
D:1:      psy_arrival_spokes, layout_rooms, serial_shops, nicolae_shop_crystal,
          shop, nicolae_shop_competitors_out_of_business, shop,
          hellmonk_ecumenical_altar_watching_god,
          chequers_serial_rivers_large_b, hangedman_decor_growths,
          chequers_jeans
D:2:      layout_rooms, uniq_natasha
D:3:      layout_basic, bloody_makhleb, jmf_multi_god_temple2,
          kennysheep_generic_room_2, uniq_ijyb, uniq_crazy_yiuf_cottage
D:4:      layout_basic, kennysheep_generic_room_6
D:5:      layout_cave_pods, minmay_temple_entry_purple_smoke, serial_park,
          serial_park_avenue1, serial_park_tiny_pond, serial_park_gazebo
          [serial_park_minivault_5x5_7], serial_park_square1
          [serial_park_minivault_5x5_1], uniq_menkaure, uniq_pikel
D:6:      layout_basic, kennysheep_little_box, minmay_crystal_water
D:7:      layout_rooms, nzn_wu_jian_contemplation,
          nicolae_qazlal_style_of_elements, serial_aquarium,
          aquarium_bridge_long_separate [aquarium_subvault_bridge,
          aquarium_subvault_wall, aquarium_subvault_bridge,
          aquarium_subvault_bridge, aquarium_subvault_bridge,
          aquarium_subvault_bridge], aquarium_bridge_straight
          [aquarium_subvault_bridge, aquarium_subvault_wall,
          aquarium_subvault_bridge, aquarium_subvault_window],
          aquarium_window_fake, aquarium_window_fake, aquarium_view_2g,
          aquarium_balcony_1a
D:8:      layout_loops_ring, kennysheep_mini, uniq_maggie, uniq_maurice
D:9:      lemuel_troll_bridge, layout_loops_ring, mainiacjoe_overflow_catwalk,
          serial_glass, glass_columns_a, glass_columns_c, glass_columns_b,
          glass_columns_b, glass_columns_b, glass_columns_b, glass_columns_b,
          glass_columns_c, glass_columns_a, glass_columns_a,
          chequers_serial_rivers_micro_d
Temple:   jpeg_temple_clearing

Skill      XL: |  1  2  3  4  5  6  7  8  9 10 |
---------------+-------------------------------+-----
Unarmed Combat | 4 5 6 8 9 10 | 10.3
Spellcasting   | 1 2 |  2.1
Hexes          | 1 2 3 4 5 6 |  6.6
Invocations    | 2 3 |  3.1
Dodging        | 3 4 5 6 |  6.0
Fighting       | 4 5 6 |  6.1
Stealth        | 3 |  3.0
Short Blades   | 2 |  2.7
Translocations | |  0.5
Ice Magic      | |  0.8

Action                   |  1- 3 |  4- 6 |  7- 9 | 10-12 || total
-------------------------+-------+-------+-------+-------++-------
Melee: Unarmed           |   104 |   210 |   432 |   146 ||   892
       Tailslap          |    11 |    27 |    62 |    29 ||   129
       Punch             |     1 |     4 |    22 |     7 ||    34
       Short sword       |       |       |     1 |     5 ||     6
       Dagger            |       |       |       |    14 ||    14
 Cast: Confusing Touch   |       |     2 |     9 |     6 ||    17
       Slow              |       |       |     2 |     4 ||     6
 Abil: Breathe Noxious F |       |       |     8 |     5 ||    13
  Use: Scroll            |     1 |     4 |     6 |     1 ||    12
       Potion            |       |       |       |     2 ||     2
 Stab: Sleeping          |       |     6 |     2 |     2 ||    10
       Confused          |       |       |    15 |     3 ||    18
       Distracted        |       |       |       |     1 ||     1
Armor: Skin              |    27 |    59 |   116 |    25 ||   227
Dodge: Dodged            |    55 |   109 |   256 |   128 ||   548
